[ AOE2 MATCH · #473780099 ]
UnrankedBohemians vs Celts
[ REPLAY ANALYSIS · EXTRACTED FROM THE RECORDED GAME ]
Feudal
9:16
Castle
13:52
Imperial
28:10
| APM avg | 51.3 |
| APM peak | 137 |
| eAPM avg | 27.1 |
| Villagers / military | 177 / 163 |
Focus
⚔️ 37.9% · 🌾 62.1%
Spearman ×131 · Skirmisher ×17 · Bombard Cannon ×7 · Monk ×4 · Trebuchet (Packed) ×3 · Militia ×1
Feudal
10:48
Castle
14:18
Imperial
29:03
| APM avg | 21.6 |
| APM peak | 49 |
| eAPM avg | 18.5 |
| Villagers / military | 179 / 181 |
Focus
⚔️ 28.1% · 🌾 71.9%
Kamayuk ×135 · Unknown (2550) ×45 · Spearman ×32 · Petard ×9 · Battering Ram ×3 · Trebuchet (Packed) ×2
Feudal
10:58
Castle
14:40
Imperial
28:06
| APM avg | 29.0 |
| APM peak | 57 |
| eAPM avg | 19.3 |
| Villagers / military | 129 / 156 |
Focus
⚔️ 30.4% · 🌾 69.6%
Spearman ×129 · Scorpion ×11 · Battering Ram ×10 · Monk ×4 · Trebuchet (Packed) ×2
Feudal
10:32
Castle
14:12
Imperial
28:34
| APM avg | 31.6 |
| APM peak | 60 |
| eAPM avg | 16.6 |
| Villagers / military | 129 / 73 |
Focus
⚔️ 24.9% · 🌾 75.1%
Hand Cannoneer ×65 · Scout Cavalry ×4 · Monk ×2 · Bombard Cannon ×2
Feudal
10:21
Castle
15:01
Imperial
28:06
| APM avg | 25.4 |
| APM peak | 54 |
| eAPM avg | 11.0 |
| Villagers / military | 43 / 54 |
Focus
⚔️ 24.1% · 🌾 75.9%
Janissary ×46 · Bombard Cannon ×6 · Petard ×2
Feudal
9:35
Castle
21:54
Imperial
—
| APM avg | 32.9 |
| APM peak | 78 |
| eAPM avg | 18.9 |
| Villagers / military | 72 / 25 |
Focus
⚔️ 36.3% · 🌾 63.7%
Cavalry Archer ×23 · Mangonel ×2
Feudal
10:33
Castle
14:28
Imperial
28:20
| APM avg | 30.1 |
| APM peak | 53 |
| eAPM avg | 19.0 |
| Villagers / military | 143 / 131 |
Focus
⚔️ 32.9% · 🌾 67.1%
Archer ×115 · Longbowman ×7 · Battering Ram ×5 · Trebuchet (Packed) ×4
Feudal
10:26
Castle
14:13
Imperial
29:08
| APM avg | 24.9 |
| APM peak | 60 |
| eAPM avg | 18.9 |
| Villagers / military | 173 / 189 |
Focus
⚔️ 33.0% · 🌾 67.0%
Knight ×91 · Scout Cavalry ×90 · Spearman ×6 · Trebuchet (Packed) ×2
Match map
Initial resources + every placement click. Lines = walls · curves = elevation contours. ◆ gold · ⬟ stone · ● berries · ✦ relic · ◌ wall gap
Your base· ✓ Closed at 13:52 · 0t walls · 2 gate(s)
叫我一声靓仔's base· ✓ Closed at 14:18 · 0t walls · 3 gate(s)
Lastmantillidie's base· ✓ Closed at 14:40 · 0t walls · 3 gate(s)
WIZ's base· ✓ Closed at 14:12 · 0t walls · 2 gate(s)
Billy Bathgate's base· ✓ Closed at 15:01 · 13t walls · 2 gate(s)
37581246's base· ✓ Closed at 21:54 · 16t walls · 4 gate(s)
CarpeFugit's base· ✓ Closed at 14:28 · 0t walls · 3 gate(s)
[ECU] PALADINFRANCO's base· ✓ Closed at 14:13 · 0t walls · 2 gate(s)
Smoothed initial terrain · ◌ = detected wall gap · hover for details
Inputs per minute
— 吉吉大王 - - 叫我一声靓仔
Build order — 吉吉大王
First 150 of 582 actions detected
| 0:01 | Queue | Villager (Male) |
| 0:02 | Queue | Villager (Male) |
| 0:03 | Build | House |
| 0:04 | Build | House |
| 0:13 | Queue | Villager (Male) |
| 0:13 | Queue | Villager (Male) |
| 0:14 | Queue | Villager (Male) |
| 1:27 | Queue | Villager (Male) |
| 1:28 | Queue | Villager (Male) |
| 1:58 | Queue | Villager (Male) |
| 1:58 | Queue | Villager (Male) |
| 2:14 | Build | Lumber Camp |
| 2:25 | Queue | Villager (Male) |
| 2:25 | Queue | Villager (Male) |
| 3:19 | Queue | Villager (Male) |
| 3:19 | Queue | Villager (Male) |
| 3:20 | Queue | Villager (Male) |
| 3:51 | Build | House |
| 3:59 | Queue | Villager (Male) |
| 4:21 | Build | House |
| 4:30 | Queue | Villager (Male) |
| 4:55 | Queue | Villager (Male) |
| 5:20 | Queue | Villager (Male) |
| 5:21 | Queue | Villager (Male) |
| 5:32 | Build | Mill |
| 5:46 | Queue | Villager (Male) |
| 6:10 | Queue | Villager (Male) |
| 6:44 | Build | Mining Camp |
| 6:54 | Research | Feudal Age |
| 6:55 | Research | Feudal Age |
| 8:20 | Queue | Villager (Male) |
| 8:21 | Queue | Villager (Male) |
| 9:16 | Age | Feudal Age |
| 9:18 | Build | Market |
| 9:21 | Build | Blacksmith |
| 9:37 | Build | Farm |
| 10:03 | Queue | Villager (Male) |
| 10:24 | Queue | Villager (Male) |
| 11:12 | Research | Castle Age |
| 11:12 | Research | Castle Age |
| 11:52 | Research | Double-Bit Axe |
| 11:52 | Research | Double-Bit Axe |
| 12:02 | Research | Horse Collar |
| 12:02 | Research | Horse Collar |
| 12:26 | Build | House |
| 12:54 | Build | House |
| 13:31 | Queue | Villager (Male) |
| 13:52 | Age | Castle Age |
| 13:55 | Build | Monastery |
| 13:59 | Build | Town Center |
| 14:02 | Build | Town Center |
| 14:10 | Queue | Villager (Male) |
| 14:26 | Build | Farm |
| 14:38 | Queue | Monk |
| 14:39 | Build | House |
| 14:42 | Queue | Villager (Male) |
| 14:46 | Build | Farm |
| 15:06 | Queue | Villager (Male) |
| 15:10 | Build | Farm |
| 15:18 | Queue | Villager (Male) |
| 15:22 | Build | Farm |
| 15:25 | Queue | Villager (Male) |
| 15:27 | Queue | Villager (Male) |
| 15:32 | Queue | Villager (Male) |
| 15:38 | Build | Farm |
| 15:41 | Queue | Monk |
| 15:50 | Queue | Villager (Male) |
| 15:50 | Queue | Villager (Male) |
| 15:56 | Queue | Villager (Male) |
| 15:57 | Queue | Villager (Male) |
| 15:59 | Build | Farm |
| 16:01 | Build | Farm |
| 16:04 | Queue | Villager (Male) |
| 16:08 | Build | Farm |
| 16:11 | Queue | Villager (Male) |
| 16:24 | Build | Farm |
| 16:27 | Build | Farm |
| 16:29 | Queue | Villager (Male) |
| 16:37 | Build | Farm |
| 16:42 | Queue | Villager (Male) |
| 16:45 | Queue | Monk |
| 16:48 | Build | Farm |
| 16:52 | Build | Farm |
| 16:55 | Queue | Villager (Male) |
| 16:56 | Queue | Villager (Male) |
| 17:04 | Build | Farm |
| 17:10 | Queue | Villager (Male) |
| 17:10 | Queue | Villager (Male) |
| 17:12 | Build | Farm |
| 17:18 | Build | House |
| 17:25 | Queue | Villager (Male) |
| 17:25 | Queue | Villager (Male) |
| 17:29 | Build | Farm |
| 17:30 | Queue | Villager (Male) |
| 17:30 | Queue | Villager (Male) |
| 17:32 | Build | Farm |
| 17:39 | Queue | Villager (Male) |
| 17:39 | Queue | Villager (Male) |
| 17:42 | Queue | Villager (Male) |
| 17:44 | Build | Farm |
| 17:53 | Queue | Villager (Male) |
| 17:56 | Build | Farm |
| 18:00 | Build | Farm |
| 18:01 | Queue | Villager (Male) |
| 18:01 | Queue | Villager (Male) |
| 18:02 | Research | Fervor |
| 18:02 | Research | Fervor |
| 18:08 | Build | House |
| 18:16 | Queue | Villager (Male) |
| 18:16 | Queue | Villager (Male) |
| 18:19 | Queue | Villager (Male) |
| 18:19 | Queue | Villager (Male) |
| 18:26 | Queue | Villager (Male) |
| 18:27 | Queue | Villager (Male) |
| 18:36 | Build | House |
| 18:44 | Queue | Monk |
| 18:45 | Queue | Villager (Male) |
| 18:45 | Queue | Villager (Male) |
| 18:45 | Queue | Villager (Male) |
| 18:47 | Queue | Villager (Male) |
| 18:48 | Queue | Villager (Male) |
| 18:52 | Build | Town Center |
| 18:55 | Queue | Villager (Male) |
| 19:00 | Build | Farm |
| 19:06 | Queue | Villager (Male) |
| 19:13 | Build | Farm |
| 19:13 | Queue | Villager (Male) |
| 19:16 | Queue | Villager (Male) |
| 19:18 | Build | House |
| 19:19 | Queue | Villager (Male) |
| 19:35 | Build | Farm |
| 19:38 | Queue | Villager (Male) |
| 19:44 | Queue | Villager (Male) |
| 19:46 | Build | Farm |
| 20:01 | Queue | Villager (Male) |
| 20:01 | Queue | Villager (Male) |
| 20:01 | Queue | Villager (Male) |
| 20:05 | Build | Farm |
| 20:08 | Build | Farm |
| 20:13 | Build | House |
| 20:14 | Build | House |
| 20:19 | Build | House |
| 20:19 | Research | Wheelbarrow |
| 20:19 | Research | Wheelbarrow |
| 20:21 | Queue | Villager (Male) |
| 20:21 | Queue | Villager (Male) |
| 20:25 | Build | Farm |
| 20:26 | Build | Farm |
| 20:33 | Queue | Villager (Male) |
| 20:37 | Queue | Villager (Male) |
Build order — 叫我一声靓仔
First 150 of 505 actions detected
| 0:04 | Queue | Villager (Male) |
| 0:04 | Queue | Villager (Male) |
| 0:04 | Queue | Villager (Male) |
| 0:06 | Build | House |
| 1:19 | Queue | Villager (Male) |
| 1:19 | Queue | Villager (Male) |
| 1:20 | Queue | Villager (Male) |
| 2:16 | Queue | Villager (Male) |
| 2:16 | Queue | Villager (Male) |
| 2:38 | Queue | Villager (Male) |
| 2:38 | Queue | Villager (Male) |
| 2:51 | Build | Settlement |
| 3:01 | Build | Settlement |
| 3:09 | Queue | Villager (Male) |
| 3:09 | Queue | Villager (Male) |
| 3:25 | Queue | Villager (Male) |
| 3:25 | Queue | Villager (Male) |
| 4:01 | Queue | Villager (Male) |
| 4:01 | Queue | Villager (Male) |
| 4:28 | Queue | Villager (Male) |
| 4:28 | Queue | Villager (Male) |
| 4:51 | Queue | Villager (Male) |
| 4:51 | Queue | Villager (Male) |
| 5:06 | Queue | Villager (Male) |
| 5:06 | Queue | Villager (Male) |
| 5:36 | Queue | Villager (Male) |
| 5:36 | Queue | Villager (Male) |
| 5:53 | Queue | Villager (Male) |
| 5:53 | Queue | Villager (Male) |
| 6:33 | Queue | Villager (Male) |
| 6:33 | Queue | Villager (Male) |
| 6:54 | Build | Settlement |
| 6:57 | Queue | Villager (Male) |
| 6:57 | Queue | Villager (Male) |
| 7:03 | Build | Settlement |
| 7:07 | Queue | Villager (Male) |
| 8:29 | Research | Feudal Age |
| 10:23 | Queue | Villager (Male) |
| 10:25 | Queue | Villager (Male) |
| 10:48 | Age | Feudal Age |
| 10:55 | Build | Market |
| 10:58 | Build | Blacksmith |
| 11:35 | Research | Castle Age |
| 11:35 | Research | Castle Age |
| 12:36 | Research | Double-Bit Axe |
| 12:36 | Research | Double-Bit Axe |
| 13:35 | Research | Horse Collar |
| 13:49 | Queue | Villager (Male) |
| 14:01 | Build | Farm |
| 14:02 | Build | Farm |
| 14:04 | Build | Farm |
| 14:05 | Build | Farm |
| 14:18 | Age | Castle Age |
| 14:21 | Build | Town Center |
| 14:25 | Build | Town Center |
| 14:47 | Queue | Villager (Male) |
| 15:07 | Queue | Villager (Male) |
| 15:07 | Queue | Villager (Male) |
| 15:24 | Build | Farm |
| 15:31 | Queue | Villager (Male) |
| 15:31 | Queue | Villager (Male) |
| 15:32 | Queue | Villager (Male) |
| 15:47 | Build | Farm |
| 15:52 | Queue | Villager (Male) |
| 15:53 | Queue | Villager (Male) |
| 16:02 | Build | Farm |
| 16:08 | Queue | Villager (Male) |
| 16:08 | Queue | Villager (Male) |
| 16:09 | Queue | Villager (Male) |
| 16:09 | Queue | Villager (Male) |
| 16:12 | Build | Farm |
| 16:29 | Build | Farm |
| 16:32 | Build | Farm |
| 16:33 | Queue | Villager (Male) |
| 16:33 | Queue | Villager (Male) |
| 16:37 | Build | Farm |
| 16:46 | Queue | Villager (Male) |
| 16:46 | Queue | Villager (Male) |
| 16:52 | Build | Farm |
| 16:56 | Build | Farm |
| 17:01 | Queue | Villager (Male) |
| 17:01 | Queue | Villager (Male) |
| 17:04 | Build | Farm |
| 17:12 | Build | House |
| 17:13 | Build | House |
| 17:19 | Queue | Villager (Male) |
| 17:19 | Queue | Villager (Male) |
| 17:21 | Build | Farm |
| 17:24 | Queue | Villager (Male) |
| 17:25 | Queue | Villager (Male) |
| 17:27 | Build | Farm |
| 17:35 | Queue | Villager (Male) |
| 17:35 | Queue | Villager (Male) |
| 17:35 | Queue | Villager (Male) |
| 17:38 | Build | Farm |
| 17:51 | Build | Farm |
| 17:53 | Queue | Villager (Male) |
| 17:53 | Queue | Villager (Male) |
| 17:53 | Queue | Villager (Male) |
| 18:02 | Build | Farm |
| 18:04 | Build | Farm |
| 18:07 | Queue | Villager (Male) |
| 18:07 | Queue | Villager (Male) |
| 18:07 | Queue | Villager (Male) |
| 18:11 | Build | Farm |
| 18:13 | Queue | Villager (Male) |
| 18:13 | Queue | Villager (Male) |
| 18:18 | Build | Farm |
| 18:25 | Queue | Villager (Male) |
| 18:25 | Queue | Villager (Male) |
| 18:25 | Queue | Villager (Male) |
| 18:28 | Build | House |
| 18:33 | Build | House |
| 18:44 | Queue | Villager (Male) |
| 18:44 | Queue | Villager (Male) |
| 18:45 | Queue | Villager (Male) |
| 18:54 | Build | Farm |
| 18:55 | Build | Farm |
| 18:57 | Build | Farm |
| 18:58 | Build | Farm |
| 18:58 | Build | Farm |
| 19:00 | Build | Farm |
| 19:05 | Queue | Villager (Male) |
| 19:05 | Queue | Villager (Male) |
| 19:13 | Build | Farm |
| 19:15 | Queue | Villager (Male) |
| 19:15 | Queue | Villager (Male) |
| 19:15 | Queue | Villager (Male) |
| 19:17 | Build | House |
| 19:36 | Research | Bow Saw |
| 19:39 | Queue | Villager (Male) |
| 19:39 | Queue | Villager (Male) |
| 19:47 | Build | Outpost |
| 19:49 | Build | Outpost |
| 19:52 | Build | Outpost |
| 19:57 | Queue | Villager (Male) |
| 19:57 | Queue | Villager (Male) |
| 19:57 | Queue | Villager (Male) |
| 19:58 | Queue | Villager (Male) |
| 19:58 | Queue | Villager (Male) |
| 20:01 | Build | House |
| 20:10 | Queue | Villager (Male) |
| 20:11 | Queue | Villager (Male) |
| 20:11 | Queue | Villager (Male) |
| 20:11 | Queue | Villager (Male) |
| 20:24 | Queue | Villager (Male) |
| 20:25 | Queue | Villager (Male) |
| 20:33 | Build | House |
| 20:43 | Build | Town Center |
| 20:49 | Research | Wheelbarrow |
Build order — Lastmantillidie
First 150 of 378 actions detected
| 0:02 | Queue | Villager (Male) |
| 0:02 | Queue | Villager (Male) |
| 0:03 | Build | House |
| 0:05 | Build | House |
| 0:11 | Queue | Villager (Male) |
| 0:11 | Queue | Villager (Male) |
| 1:34 | Queue | Villager (Male) |
| 1:34 | Queue | Villager (Male) |
| 1:50 | Build | Lumber Camp |
| 2:02 | Queue | Villager (Male) |
| 2:22 | Queue | Villager (Male) |
| 2:22 | Queue | Villager (Male) |
| 2:56 | Queue | Villager (Male) |
| 2:57 | Queue | Villager (Male) |
| 3:23 | Queue | Villager (Male) |
| 3:23 | Queue | Villager (Male) |
| 3:30 | Build | House |
| 3:31 | Build | House |
| 3:44 | Queue | Villager (Male) |
| 3:45 | Queue | Villager (Male) |
| 4:20 | Build | Mill |
| 4:28 | Build | House |
| 4:36 | Queue | Villager (Male) |
| 4:52 | Queue | Villager (Male) |
| 4:52 | Queue | Villager (Male) |
| 5:19 | Queue | Villager (Male) |
| 5:37 | Queue | Villager (Male) |
| 5:37 | Queue | Villager (Male) |
| 5:38 | Queue | Villager (Male) |
| 5:42 | Build | Lumber Camp |
| 6:18 | Queue | Villager (Male) |
| 6:18 | Queue | Villager (Male) |
| 6:47 | Queue | Villager (Male) |
| 6:47 | Queue | Villager (Male) |
| 7:16 | Build | Farm |
| 8:16 | Queue | Villager (Male) |
| 8:27 | Build | Mining Camp |
| 8:48 | Research | Feudal Age |
| 8:55 | Build | Farm |
| 9:00 | Build | Farm |
| 10:33 | Build | Farm |
| 10:58 | Age | Feudal Age |
| 11:01 | Queue | Villager (Male) |
| 11:01 | Queue | Villager (Male) |
| 11:08 | Build | Market |
| 11:12 | Build | Blacksmith |
| 11:56 | Build | House |
| 12:00 | Research | Castle Age |
| 12:03 | Research | Double-Bit Axe |
| 13:00 | Research | Horse Collar |
| 13:47 | Build | Farm |
| 14:22 | Queue | Villager (Male) |
| 14:22 | Queue | Villager (Male) |
| 14:40 | Age | Castle Age |
| 14:43 | Build | Town Center |
| 14:46 | Build | Town Center |
| 14:53 | Build | Monastery |
| 15:02 | Research | Bow Saw |
| 15:07 | Build | Farm |
| 15:10 | Research | Heavy Plow |
| 15:25 | Build | Farm |
| 15:27 | Build | Farm |
| 15:30 | Build | Farm |
| 15:31 | Queue | Monk |
| 15:37 | Queue | Monk |
| 15:38 | Queue | Villager (Male) |
| 15:40 | Build | Farm |
| 15:58 | Queue | Villager (Male) |
| 16:01 | Build | Farm |
| 16:02 | Queue | Villager (Male) |
| 16:06 | Queue | Villager (Male) |
| 16:16 | Build | Farm |
| 16:18 | Queue | Villager (Male) |
| 16:24 | Build | Farm |
| 16:25 | Queue | Villager (Male) |
| 16:45 | Build | Farm |
| 16:48 | Build | Farm |
| 16:51 | Build | Farm |
| 16:53 | Queue | Villager (Male) |
| 17:07 | Queue | Villager (Male) |
| 17:15 | Build | Farm |
| 17:16 | Build | Farm |
| 17:20 | Build | House |
| 17:23 | Build | House |
| 17:25 | Queue | Villager (Male) |
| 17:30 | Build | Farm |
| 17:31 | Queue | Villager (Male) |
| 17:35 | Queue | Villager (Male) |
| 17:36 | Queue | Villager (Male) |
| 17:41 | Build | Farm |
| 17:45 | Build | Farm |
| 17:47 | Queue | Villager (Male) |
| 17:54 | Queue | Villager (Male) |
| 17:59 | Build | Farm |
| 18:03 | Build | Farm |
| 18:07 | Queue | Monk |
| 18:22 | Queue | Villager (Male) |
| 18:23 | Queue | Villager (Male) |
| 18:25 | Build | Farm |
| 18:27 | Queue | Villager (Male) |
| 18:29 | Build | Farm |
| 18:32 | Queue | Villager (Male) |
| 18:34 | Build | Farm |
| 18:35 | Build | House |
| 18:37 | Build | House |
| 18:38 | Queue | Villager (Male) |
| 18:39 | Queue | Villager (Male) |
| 18:42 | Queue | Villager (Male) |
| 19:03 | Queue | Villager (Male) |
| 19:04 | Queue | Villager (Male) |
| 19:06 | Queue | Villager (Male) |
| 19:09 | Build | Farm |
| 19:26 | Queue | Villager (Male) |
| 19:27 | Queue | Villager (Male) |
| 19:29 | Queue | Villager (Male) |
| 19:31 | Build | House |
| 19:35 | Build | Town Center |
| 19:45 | Queue | Villager (Male) |
| 19:46 | Queue | Villager (Male) |
| 19:47 | Queue | Villager (Male) |
| 20:00 | Build | Farm |
| 20:00 | Build | Farm |
| 20:02 | Build | House |
| 20:03 | Build | House |
| 20:09 | Research | Stone Mining |
| 20:22 | Queue | Monk |
| 20:30 | Queue | Villager (Male) |
| 20:31 | Research | Wheelbarrow |
| 20:32 | Queue | Villager (Male) |
| 20:34 | Queue | Villager (Male) |
| 20:34 | Queue | Villager (Male) |
| 20:37 | Build | Farm |
| 20:41 | Build | Farm |
| 20:44 | Build | House |
| 20:45 | Queue | Villager (Male) |
| 20:46 | Research | Wheelbarrow |
| 20:46 | Queue | Villager (Male) |
| 20:48 | Build | Farm |
| 20:49 | Build | Farm |
| 20:52 | Build | Farm |
| 20:56 | Queue | Villager (Male) |
| 20:57 | Queue | Villager (Male) |
| 21:10 | Research | Fervor |
| 21:20 | Build | Farm |
| 21:40 | Queue | Villager (Male) |
| 21:41 | Queue | Villager (Male) |
| 21:43 | Build | House |
| 21:44 | Build | House |
| 21:45 | Queue | Villager (Male) |
| 21:46 | Queue | Villager (Male) |
Build order — WIZ
First 150 of 299 actions detected
| 0:00 | Queue | Villager (Male) |
| 0:00 | Queue | Villager (Male) |
| 0:01 | Queue | Villager (Male) |
| 0:01 | Queue | Villager (Male) |
| 0:02 | Build | House |
| 0:03 | Build | House |
| 1:05 | Queue | Villager (Male) |
| 1:59 | Queue | Villager (Male) |
| 1:59 | Queue | Villager (Male) |
| 1:59 | Queue | Villager (Male) |
| 2:11 | Build | Lumber Camp |
| 2:32 | Queue | Villager (Male) |
| 2:54 | Queue | Villager (Male) |
| 3:36 | Queue | Villager (Male) |
| 3:50 | Queue | Villager (Male) |
| 3:56 | Build | House |
| 4:28 | Queue | Villager (Male) |
| 4:29 | Queue | Villager (Male) |
| 4:29 | Queue | Villager (Male) |
| 4:29 | Queue | Villager (Male) |
| 5:39 | Build | Mill |
| 5:49 | Build | House |
| 5:53 | Queue | Villager (Male) |
| 6:18 | Queue | Villager (Male) |
| 7:07 | Queue | Villager (Male) |
| 7:09 | Queue | Villager (Male) |
| 7:50 | Queue | Villager (Male) |
| 8:00 | Research | Feudal Age |
| 8:16 | Build | Mining Camp |
| 9:03 | Build | Farm |
| 9:54 | Queue | Villager (Male) |
| 9:58 | Build | House |
| 10:32 | Age | Feudal Age |
| 10:36 | Build | Blacksmith |
| 10:43 | Build | Market |
| 10:44 | Queue | Villager (Male) |
| 11:25 | Build | House |
| 11:32 | Research | Castle Age |
| 11:40 | Build | Farm |
| 11:43 | Build | House |
| 12:22 | Research | Double-Bit Axe |
| 12:26 | Build | House |
| 12:37 | Research | Horse Collar |
| 12:55 | Build | House |
| 13:43 | Build | House |
| 14:12 | Age | Castle Age |
| 14:15 | Build | Town Center |
| 14:18 | Build | Town Center |
| 14:20 | Queue | Villager (Male) |
| 14:22 | Queue | Villager (Male) |
| 14:24 | Research | Bow Saw |
| 14:27 | Build | House |
| 14:49 | Queue | Villager (Male) |
| 14:51 | Build | Farm |
| 15:23 | Build | Monastery |
| 15:25 | Queue | Villager (Male) |
| 15:39 | Build | Farm |
| 15:39 | Queue | Villager (Male) |
| 15:53 | Queue | Villager (Male) |
| 16:01 | Build | Farm |
| 16:05 | Build | Farm |
| 16:07 | Queue | Monk |
| 16:09 | Build | House |
| 16:16 | Queue | Villager (Male) |
| 16:17 | Queue | Villager (Male) |
| 16:23 | Build | Farm |
| 16:29 | Build | Farm |
| 16:39 | Build | Farm |
| 16:47 | Build | Farm |
| 16:51 | Build | House |
| 16:52 | Queue | Villager (Male) |
| 17:10 | Queue | Villager (Male) |
| 17:10 | Queue | Villager (Male) |
| 17:13 | Queue | Monk |
| 17:17 | Queue | Villager (Male) |
| 17:22 | Build | Farm |
| 17:24 | Build | House |
| 17:27 | Queue | Villager (Male) |
| 17:36 | Build | Farm |
| 17:38 | Build | Farm |
| 17:42 | Build | Farm |
| 17:45 | Build | Farm |
| 17:46 | Queue | Villager (Male) |
| 17:50 | Build | Farm |
| 18:04 | Queue | Villager (Male) |
| 18:34 | Build | Farm |
| 18:34 | Queue | Villager (Male) |
| 18:36 | Build | House |
| 18:37 | Queue | Villager (Male) |
| 18:42 | Queue | Villager (Male) |
| 18:42 | Queue | Villager (Male) |
| 18:43 | Queue | Villager (Male) |
| 18:58 | Queue | Villager (Male) |
| 18:59 | Queue | Villager (Male) |
| 18:59 | Queue | Villager (Male) |
| 19:04 | Build | House |
| 19:05 | Build | House |
| 19:31 | Queue | Villager (Male) |
| 19:40 | Build | Farm |
| 19:43 | Build | Farm |
| 19:44 | Build | Farm |
| 19:44 | Queue | Villager (Male) |
| 19:45 | Build | Farm |
| 19:48 | Build | Town Center |
| 19:49 | Queue | Villager (Male) |
| 19:49 | Queue | Villager (Male) |
| 19:53 | Build | Farm |
| 19:55 | Build | Farm |
| 19:56 | Build | Farm |
| 19:57 | Queue | Villager (Male) |
| 19:57 | Queue | Villager (Male) |
| 20:02 | Build | House |
| 20:09 | Queue | Villager (Male) |
| 20:11 | Queue | Villager (Male) |
| 20:27 | Research | Gold Mining |
| 20:31 | Research | Stone Mining |
| 20:34 | Build | Farm |
| 20:36 | Build | House |
| 20:37 | Queue | Villager (Male) |
| 20:48 | Build | Outpost |
| 20:52 | Build | Farm |
| 20:53 | Queue | Villager (Male) |
| 21:00 | Queue | Villager (Male) |
| 21:13 | Build | Farm |
| 21:13 | Queue | Villager (Male) |
| 21:14 | Queue | Villager (Male) |
| 21:15 | Queue | Villager (Male) |
| 21:39 | Build | Palisade Wall |
| 21:40 | Build | Palisade Wall |
| 21:42 | Queue | Villager (Male) |
| 21:47 | Build | Farm |
| 21:47 | Queue | Villager (Male) |
| 21:48 | Queue | Villager (Male) |
| 21:49 | Queue | Villager (Male) |
| 21:49 | Queue | Villager (Male) |
| 21:50 | Queue | Villager (Male) |
| 22:00 | Build | House |
| 22:08 | Queue | Villager (Male) |
| 22:15 | Build | Farm |
| 22:16 | Queue | Villager (Male) |
| 22:17 | Queue | Villager (Male) |
| 22:17 | Queue | Villager (Male) |
| 22:17 | Queue | Villager (Male) |
| 22:18 | Queue | Villager (Male) |
| 22:25 | Build | Lumber Camp |
| 22:31 | Build | House |
| 22:32 | Build | House |
| 22:36 | Research | Wheelbarrow |
| 22:42 | Build | Farm |
| 22:43 | Queue | Villager (Male) |
Build order — Billy Bathgate
123 actions detected in the replay
| 0:05 | Queue | Villager (Male) |
| 0:05 | Queue | Villager (Male) |
| 0:06 | Queue | Villager (Male) |
| 0:06 | Queue | Villager (Male) |
| 0:07 | Build | House |
| 0:09 | Build | House |
| 1:30 | Queue | Villager (Male) |
| 1:53 | Build | Lumber Camp |
| 2:03 | Queue | Villager (Male) |
| 2:23 | Queue | Villager (Male) |
| 2:48 | Queue | Villager (Male) |
| 3:03 | Build | House |
| 3:08 | Queue | Villager (Male) |
| 3:41 | Queue | Villager (Male) |
| 3:41 | Queue | Villager (Male) |
| 3:55 | Build | Mill |
| 3:56 | Queue | Villager (Male) |
| 4:30 | Build | House |
| 4:40 | Queue | Villager (Male) |
| 4:40 | Queue | Villager (Male) |
| 5:25 | Queue | Villager (Male) |
| 5:30 | Queue | Villager (Male) |
| 5:30 | Queue | Villager (Male) |
| 5:45 | Queue | Villager (Male) |
| 5:45 | Queue | Villager (Male) |
| 6:18 | Queue | Villager (Male) |
| 6:57 | Build | Mining Camp |
| 7:12 | Queue | Villager (Male) |
| 7:14 | Queue | Villager (Male) |
| 8:11 | Research | Feudal Age |
| 8:31 | Queue | Villager (Male) |
| 8:32 | Research | Loom |
| 9:53 | Build | Mining Camp |
| 10:01 | Build | Palisade Wall |
| 10:11 | Build | Palisade Wall |
| 10:21 | Age | Feudal Age |
| 10:33 | Build | Blacksmith |
| 10:47 | Queue | Villager (Male) |
| 11:43 | Build | Market |
| 12:21 | Research | Castle Age |
| 12:51 | Build | House |
| 14:56 | Queue | Villager (Male) |
| 15:01 | Age | Castle Age |
| 15:11 | Build | Castle |
| 15:15 | Queue | Villager (Male) |
| 15:32 | Build | House |
| 15:54 | Queue | Villager (Male) |
| 15:57 | Research | Double-Bit Axe |
| 16:07 | Queue | Janissary |
| 16:08 | Queue | Janissary |
| 16:16 | Build | Mining Camp |
| 16:54 | Build | Farm |
| 16:58 | Queue | Villager (Male) |
| 17:11 | Queue | Janissary |
| 17:35 | Queue | Janissary |
| 17:35 | Queue | Janissary |
| 17:39 | Build | Farm |
| 17:42 | Build | Farm |
| 17:43 | Build | Farm |
| 17:45 | Build | Farm |
| 18:10 | Queue | Petard |
| 18:42 | Queue | Petard |
| 18:46 | Queue | Villager (Male) |
| 18:47 | Queue | Villager (Male) |
| 18:53 | Build | Farm |
| 19:08 | Queue | Janissary |
| 19:08 | Queue | Janissary |
| 19:39 | Queue | Janissary |
| 19:40 | Queue | Janissary |
| 19:43 | Build | Farm |
| 19:45 | Build | Farm |
| 19:48 | Build | Farm |
| 19:49 | Build | Farm |
| 19:53 | Queue | Villager (Male) |
| 19:54 | Queue | Villager (Male) |
| 20:10 | Queue | Janissary |
| 20:10 | Queue | Janissary |
| 20:29 | Build | House |
| 20:30 | Build | House |
| 21:07 | Queue | Janissary |
| 21:08 | Queue | Janissary |
| 21:09 | Queue | Janissary |
| 21:22 | Queue | Villager (Male) |
| 21:25 | Queue | Janissary |
| 21:26 | Queue | Janissary |
| 21:48 | Queue | Janissary |
| 21:49 | Queue | Villager (Male) |
| 22:07 | Queue | Villager (Male) |
| 24:04 | Build | Siege Workshop |
| 24:56 | Research | Imperial Age |
| 24:56 | Research | Imperial Age |
| 25:14 | Queue | Janissary |
| 25:30 | Build | Farm |
| 25:32 | Build | Farm |
| 25:43 | Queue | Janissary |
| 26:11 | Queue | Janissary |
| 26:15 | Build | House |
| 26:16 | Build | House |
| 26:16 | Build | House |
| 26:16 | Build | House |
| 26:50 | Build | Mining Camp |
| 27:08 | Research | Padded Archer Armor |
| 27:09 | Queue | Janissary ×2 |
| 27:35 | Build | Mining Camp |
| 27:44 | Queue | Janissary ×2 |
| 28:06 | Age | Imperial Age |
| 28:08 | Queue | Bombard Cannon |
| 28:08 | Queue | Bombard Cannon |
| 28:18 | Queue | Villager (Male) |
| 28:19 | Queue | Villager (Male) |
| 28:51 | Queue | Bombard Cannon |
| 29:03 | Queue | Janissary ×2 |
| 30:06 | Queue | Bombard Cannon |
| 30:06 | Queue | Bombard Cannon |
| 30:08 | Queue | Janissary |
| 30:50 | Queue | Janissary ×4 |
| 31:01 | Queue | Villager (Male) |
| 31:44 | Queue | Bombard Cannon |
| 34:11 | Queue | Janissary ×5 |
| 34:12 | Queue | Janissary ×5 |
| 36:39 | Queue | Janissary ×5 |
| 37:21 | Queue | Villager (Male) ×5 |
| 38:39 | Research | Elite Janissary (upgrade) |
Build order — 37581246
First 150 of 209 actions detected
| 0:02 | Queue | Villager (Male) |
| 0:02 | Queue | Villager (Male) |
| 0:03 | Queue | Villager (Male) |
| 0:03 | Build | House |
| 0:04 | Build | House |
| 0:10 | Queue | Villager (Male) |
| 0:10 | Queue | Villager (Male) |
| 1:28 | Queue | Villager (Male) |
| 1:29 | Queue | Villager (Male) |
| 2:09 | Queue | Villager (Male) |
| 2:42 | Queue | Villager (Male) |
| 2:42 | Queue | Villager (Male) |
| 3:06 | Queue | Villager (Male) |
| 3:28 | Queue | Villager (Male) |
| 3:28 | Queue | Villager (Male) |
| 3:28 | Queue | Villager (Male) |
| 4:04 | Build | House |
| 4:18 | Queue | Villager (Male) |
| 4:31 | Build | Mill |
| 4:35 | Queue | Villager (Male) |
| 5:01 | Queue | Villager (Male) |
| 5:26 | Queue | Villager (Male) |
| 5:49 | Queue | Villager (Male) |
| 6:15 | Queue | Villager (Male) |
| 6:35 | Build | Mule Cart |
| 7:00 | Research | Loom |
| 7:04 | Research | Feudal Age |
| 8:11 | Build | House |
| 8:47 | Queue | Villager (Male) |
| 9:35 | Age | Feudal Age |
| 9:39 | Build | Watch Tower |
| 9:50 | Queue | Villager (Male) |
| 9:53 | Build | Blacksmith |
| 9:55 | Build | House |
| 9:59 | Research | Double-Bit Axe |
| 10:22 | Queue | Villager (Male) |
| 10:41 | Queue | Villager (Male) |
| 10:41 | Queue | Villager (Male) |
| 10:41 | Queue | Villager (Male) |
| 10:56 | Queue | Villager (Male) |
| 11:07 | Build | House |
| 11:08 | Build | House |
| 11:19 | Build | Watch Tower |
| 11:26 | Research | Fletching |
| 11:33 | Build | Watch Tower |
| 11:52 | Queue | Villager (Male) |
| 12:16 | Queue | Villager (Male) |
| 12:30 | Queue | Villager (Male) |
| 12:38 | Build | Watch Tower |
| 12:41 | Queue | Villager (Male) |
| 12:51 | Research | Horse Collar |
| 13:26 | Research | Town Watch |
| 13:44 | Queue | Villager (Male) |
| 13:49 | Queue | Villager (Male) |
| 13:53 | Build | Farm |
| 13:53 | Build | Farm |
| 13:54 | Build | Farm |
| 13:54 | Build | Farm |
| 13:54 | Build | Farm |
| 13:54 | Build | Farm |
| 13:55 | Build | Farm |
| 14:00 | Build | Watch Tower |
| 14:24 | Queue | Villager (Male) |
| 14:47 | Build | Stone Wall |
| 14:48 | Build | Stone Wall |
| 14:50 | Build | Stone Wall |
| 14:50 | Build | Stone Wall |
| 14:52 | Build | Stone Wall |
| 14:52 | Build | Stone Wall |
| 14:56 | Build | Farm |
| 14:58 | Build | Farm |
| 15:00 | Build | Farm |
| 15:04 | Queue | Villager (Male) |
| 15:15 | Build | Palisade Gate |
| 15:33 | Queue | Villager (Male) |
| 16:21 | Build | Stone Wall |
| 16:23 | Build | Stone Wall |
| 16:24 | Build | Stone Wall |
| 16:24 | Build | Stone Wall |
| 16:25 | Build | Stone Wall |
| 16:27 | Queue | Villager (Male) |
| 16:33 | Build | Farm |
| 16:34 | Build | Farm |
| 16:34 | Build | Farm |
| 16:37 | Build | Mule Cart |
| 16:43 | Queue | Villager (Male) |
| 17:01 | Queue | Villager (Male) |
| 17:06 | Build | Farm |
| 17:09 | Build | Farm |
| 17:30 | Build | House |
| 17:32 | Queue | Villager (Male) |
| 17:47 | Build | Market |
| 18:13 | Build | Watch Tower |
| 18:18 | Queue | Villager (Male) |
| 18:21 | Build | House |
| 18:40 | Build | House |
| 18:46 | Queue | Villager (Male) |
| 18:58 | Build | House |
| 19:08 | Build | Watch Tower |
| 19:14 | Research | Castle Age |
| 19:14 | Research | Castle Age |
| 20:00 | Research | Gold Mining |
| 20:46 | Build | Watch Tower |
| 20:56 | Queue | Villager (Male) |
| 21:07 | Build | Watch Tower |
| 21:31 | Queue | Villager (Male) |
| 21:47 | Queue | Villager (Male) |
| 21:54 | Age | Castle Age |
| 22:02 | Build | Mule Cart |
| 22:17 | Build | Siege Workshop |
| 22:31 | Queue | Villager (Male) |
| 23:01 | Research | Bow Saw |
| 23:17 | Build | Monastery |
| 23:22 | Queue | Villager (Male) |
| 23:28 | Queue | Mangonel |
| 23:41 | Research | Stone Mining |
| 23:45 | Queue | Villager (Male) |
| 24:14 | Build | Monastery |
| 24:22 | Queue | Villager (Male) |
| 24:26 | Build | Farm |
| 24:26 | Build | Farm |
| 24:30 | Build | Farm |
| 24:43 | Queue | Villager (Male) |
| 24:55 | Queue | Villager (Male) |
| 25:23 | Queue | Villager (Male) |
| 25:36 | Build | Town Center |
| 25:54 | Build | Stone Wall |
| 26:02 | Queue | Mangonel |
| 26:03 | Queue | Villager (Male) |
| 26:18 | Build | Farm |
| 26:22 | Build | House |
| 26:24 | Build | House |
| 26:30 | Queue | Villager (Male) |
| 26:30 | Queue | Villager (Male) |
| 26:35 | Queue | Villager (Male) |
| 26:53 | Build | House |
| 26:54 | Queue | Villager (Male) |
| 27:02 | Build | Farm |
| 27:04 | Build | Farm |
| 27:04 | Build | Farm |
| 27:05 | Build | Farm |
| 27:06 | Build | Farm |
| 27:29 | Queue | Villager (Male) |
| 27:33 | Build | Mill |
| 27:35 | Build | Farm |
| 27:37 | Queue | Villager (Male) |
| 27:37 | Queue | Villager (Male) |
| 27:37 | Queue | Villager (Male) |
| 27:42 | Build | Farm |
| 27:44 | Build | Farm |
Build order — CarpeFugit
First 150 of 436 actions detected
| 0:02 | Queue | Villager (Male) |
| 0:02 | Queue | Villager (Male) |
| 0:02 | Queue | Villager (Male) |
| 0:05 | Build | House |
| 0:08 | Build | House |
| 0:34 | Queue | Villager (Male) |
| 1:21 | Queue | Villager (Male) |
| 1:49 | Build | Lumber Camp |
| 1:51 | Queue | Villager (Male) |
| 2:10 | Queue | Villager (Male) |
| 2:32 | Queue | Villager (Male) |
| 2:54 | Queue | Villager (Male) |
| 3:28 | Queue | Villager (Male) |
| 3:28 | Queue | Villager (Male) |
| 3:51 | Build | House |
| 3:57 | Build | House |
| 4:35 | Queue | Villager (Male) |
| 4:35 | Queue | Villager (Male) |
| 4:38 | Queue | Villager (Male) |
| 4:43 | Build | Mill |
| 4:47 | Queue | Villager (Male) |
| 5:28 | Queue | Villager (Male) |
| 5:35 | Queue | Villager (Male) |
| 6:51 | Build | Farm |
| 6:55 | Build | Farm |
| 6:58 | Queue | Villager (Male) |
| 7:32 | Queue | Villager (Male) |
| 7:34 | Queue | Villager (Male) |
| 8:05 | Build | Mining Camp |
| 8:08 | Research | Feudal Age |
| 8:13 | Build | Farm |
| 8:49 | Queue | Villager (Male) |
| 8:49 | Queue | Villager (Male) |
| 8:53 | Build | House |
| 10:33 | Age | Feudal Age |
| 10:46 | Build | Market |
| 10:48 | Build | Blacksmith |
| 11:07 | Queue | Villager (Male) |
| 11:08 | Queue | Villager (Male) |
| 11:32 | Research | Castle Age |
| 11:52 | Build | Farm |
| 11:56 | Build | Farm |
| 12:00 | Build | House |
| 12:03 | Build | House |
| 12:05 | Build | House |
| 12:07 | Queue | Villager (Male) |
| 12:07 | Queue | Villager (Male) |
| 12:25 | Research | Double-Bit Axe |
| 12:34 | Research | Horse Collar |
| 12:46 | Build | Farm |
| 13:32 | Build | House |
| 13:33 | Build | House |
| 13:35 | Build | House |
| 13:36 | Build | House |
| 13:36 | Build | House |
| 13:38 | Queue | Villager (Male) |
| 13:41 | Build | Farm |
| 13:45 | Build | Farm |
| 14:05 | Queue | Villager (Male) |
| 14:28 | Age | Castle Age |
| 14:41 | Build | Town Center |
| 14:45 | Queue | Villager (Male) |
| 15:05 | Build | Town Center |
| 15:07 | Queue | Villager (Male) |
| 15:07 | Queue | Villager (Male) |
| 15:08 | Queue | Villager (Male) |
| 15:08 | Queue | Villager (Male) |
| 15:09 | Queue | Villager (Male) |
| 15:09 | Queue | Villager (Male) |
| 15:10 | Queue | Villager (Male) |
| 15:32 | Queue | Villager (Male) |
| 15:34 | Queue | Villager (Male) |
| 15:35 | Queue | Villager (Male) |
| 15:35 | Queue | Villager (Male) |
| 15:45 | Build | Farm |
| 15:50 | Build | Farm |
| 15:55 | Build | Farm |
| 16:02 | Build | Farm |
| 16:24 | Build | Farm |
| 16:27 | Queue | Villager (Male) |
| 16:28 | Queue | Villager (Male) |
| 16:32 | Queue | Villager (Male) |
| 16:33 | Queue | Villager (Male) |
| 16:34 | Queue | Villager (Male) |
| 16:38 | Research | Wheelbarrow |
| 16:38 | Queue | Villager (Male) |
| 16:38 | Queue | Villager (Male) |
| 16:39 | Queue | Villager (Male) |
| 17:00 | Queue | Villager (Male) |
| 17:04 | Build | Farm |
| 17:08 | Queue | Villager (Male) |
| 17:20 | Queue | Villager (Male) |
| 17:32 | Build | Farm |
| 17:36 | Queue | Villager (Male) |
| 17:55 | Build | Siege Workshop |
| 17:58 | Queue | Villager (Male) |
| 18:02 | Queue | Villager (Male) |
| 18:16 | Queue | Villager (Male) |
| 18:21 | Build | Farm |
| 18:27 | Build | Farm |
| 18:35 | Build | Farm |
| 18:37 | Build | Farm |
| 18:40 | Queue | Villager (Male) |
| 18:41 | Queue | Villager (Male) |
| 18:59 | Research | Bow Saw |
| 19:10 | Build | Farm |
| 19:15 | Build | Farm |
| 19:18 | Queue | Villager (Male) |
| 19:22 | Queue | Villager (Male) |
| 19:32 | Queue | Villager (Male) |
| 19:33 | Queue | Villager (Male) |
| 19:40 | Build | Farm |
| 19:41 | Build | Farm |
| 19:41 | Build | Farm |
| 19:48 | Build | Farm |
| 19:56 | Build | Farm |
| 20:01 | Build | Farm |
| 20:02 | Queue | Villager (Male) |
| 20:03 | Queue | Villager (Male) |
| 20:03 | Queue | Villager (Male) |
| 20:08 | Build | Farm |
| 20:08 | Build | Farm |
| 20:13 | Build | Farm |
| 20:14 | Queue | Villager (Male) |
| 20:15 | Queue | Villager (Male) |
| 20:21 | Queue | Villager (Male) |
| 20:26 | Queue | Villager (Male) |
| 21:02 | Build | Town Center |
| 21:06 | Queue | Villager (Male) |
| 21:06 | Queue | Villager (Male) |
| 21:10 | Queue | Villager (Male) |
| 21:11 | Queue | Villager (Male) |
| 21:19 | Build | Mill |
| 21:20 | Build | Farm |
| 21:20 | Build | Farm |
| 21:21 | Build | Farm |
| 21:21 | Build | Farm |
| 21:21 | Build | Farm |
| 21:21 | Build | Farm |
| 21:24 | Queue | Villager (Male) |
| 21:30 | Queue | Villager (Male) |
| 21:30 | Queue | Villager (Male) |
| 21:36 | Build | Farm |
| 21:45 | Build | Farm |
| 21:50 | Build | Farm |
| 21:52 | Queue | Villager (Male) |
| 21:52 | Queue | Villager (Male) |
| 21:57 | Build | Farm |
| 21:57 | Build | Farm |
| 22:00 | Queue | Villager (Male) |
Build order — [ECU] PALADINFRANCO
First 150 of 553 actions detected
| 0:02 | Queue | Villager (Male) |
| 0:02 | Queue | Villager (Male) |
| 0:03 | Queue | Villager (Male) |
| 0:03 | Queue | Villager (Male) |
| 0:05 | Build | House |
| 0:07 | Build | House |
| 0:10 | Queue | Villager (Male) |
| 0:10 | Queue | Villager (Male) |
| 1:27 | Queue | Villager (Male) |
| 1:27 | Queue | Villager (Male) |
| 1:27 | Queue | Villager (Male) |
| 2:03 | Queue | Villager (Male) |
| 2:04 | Queue | Villager (Male) |
| 2:32 | Queue | Villager (Male) |
| 2:33 | Queue | Villager (Male) |
| 2:38 | Queue | Villager (Male) |
| 2:38 | Queue | Villager (Male) |
| 2:56 | Build | Lumber Camp |
| 2:57 | Build | House |
| 3:10 | Queue | Villager (Male) |
| 3:10 | Queue | Villager (Male) |
| 3:39 | Queue | Villager (Male) |
| 3:54 | Build | House |
| 3:59 | Queue | Villager (Male) |
| 4:16 | Queue | Villager (Male) |
| 4:39 | Queue | Villager (Male) |
| 4:52 | Queue | Villager (Male) |
| 5:15 | Queue | Villager (Male) |
| 5:23 | Build | Mill |
| 5:25 | Queue | Villager (Male) |
| 5:52 | Queue | Villager (Male) |
| 6:07 | Build | House |
| 6:33 | Queue | Villager (Male) |
| 7:17 | Build | Mining Camp |
| 7:55 | Queue | Villager (Male) |
| 8:12 | Research | Feudal Age |
| 10:26 | Age | Feudal Age |
| 10:30 | Queue | Villager (Male) |
| 10:38 | Build | Market |
| 10:47 | Build | Blacksmith |
| 10:52 | Queue | Villager (Male) |
| 10:56 | Build | Farm |
| 11:14 | Queue | Villager (Male) |
| 11:25 | Build | Farm |
| 11:48 | Research | Castle Age |
| 11:48 | Research | Castle Age |
| 12:57 | Research | Double-Bit Axe |
| 13:49 | Research | Wheelbarrow |
| 14:13 | Age | Castle Age |
| 14:15 | Build | Town Center |
| 14:21 | Queue | Villager (Male) |
| 14:30 | Build | Town Center |
| 14:37 | Build | Farm |
| 14:39 | Queue | Villager (Male) |
| 15:02 | Queue | Villager (Male) |
| 15:05 | Queue | Villager (Male) |
| 15:11 | Build | Farm |
| 15:15 | Build | House |
| 15:29 | Build | Farm |
| 15:31 | Queue | Villager (Male) |
| 15:35 | Build | Farm |
| 16:06 | Build | Farm |
| 16:08 | Queue | Villager (Male) |
| 16:12 | Build | Farm |
| 16:13 | Build | House |
| 16:16 | Build | House |
| 16:25 | Queue | Villager (Male) |
| 16:25 | Queue | Villager (Male) |
| 16:30 | Queue | Villager (Male) |
| 16:31 | Queue | Villager (Male) |
| 16:36 | Build | Farm |
| 16:40 | Build | House |
| 16:44 | Build | Farm |
| 16:46 | Queue | Villager (Male) |
| 17:05 | Build | Farm |
| 17:06 | Queue | Villager (Male) |
| 17:12 | Build | Farm |
| 17:15 | Build | House |
| 17:18 | Build | House |
| 17:26 | Queue | Villager (Male) |
| 17:26 | Queue | Villager (Male) |
| 17:32 | Build | Farm |
| 17:36 | Queue | Villager (Male) |
| 17:36 | Queue | Villager (Male) |
| 17:37 | Queue | Villager (Male) |
| 17:39 | Build | Farm |
| 17:42 | Queue | Villager (Male) |
| 17:45 | Build | House |
| 17:53 | Build | Farm |
| 18:00 | Build | Farm |
| 18:02 | Queue | Villager (Male) |
| 18:02 | Queue | Villager (Male) |
| 18:10 | Queue | Villager (Male) |
| 18:10 | Queue | Villager (Male) |
| 18:10 | Queue | Villager (Male) |
| 18:14 | Build | Farm |
| 18:17 | Build | House |
| 18:19 | Queue | Villager (Male) |
| 18:20 | Queue | Villager (Male) |
| 18:37 | Build | Town Center |
| 18:39 | Queue | Villager (Male) |
| 18:44 | Queue | Villager (Male) |
| 18:45 | Queue | Villager (Male) |
| 18:53 | Build | House |
| 18:54 | Queue | Villager (Male) |
| 18:54 | Queue | Villager (Male) |
| 19:00 | Build | Farm |
| 19:02 | Queue | Villager (Male) |
| 19:02 | Queue | Villager (Male) |
| 19:16 | Queue | Villager (Male) |
| 19:20 | Build | Farm |
| 19:22 | Queue | Villager (Male) |
| 19:25 | Build | House |
| 19:27 | Queue | Villager (Male) |
| 19:27 | Queue | Villager (Male) |
| 19:27 | Queue | Villager (Male) |
| 19:34 | Queue | Villager (Male) |
| 19:39 | Build | Farm |
| 19:44 | Build | Farm |
| 19:47 | Queue | Villager (Male) |
| 19:49 | Build | Farm |
| 19:52 | Queue | Villager (Male) |
| 19:58 | Build | House |
| 19:59 | Queue | Villager (Male) |
| 19:59 | Queue | Villager (Male) |
| 20:02 | Build | Farm |
| 20:06 | Queue | Villager (Male) |
| 20:09 | Queue | Villager (Male) |
| 20:24 | Build | Farm |
| 20:24 | Queue | Villager (Male) |
| 20:25 | Queue | Villager (Male) |
| 20:28 | Build | Farm |
| 20:30 | Queue | Villager (Male) |
| 20:30 | Queue | Villager (Male) |
| 20:38 | Build | House |
| 20:39 | Queue | Villager (Male) |
| 20:40 | Queue | Villager (Male) |
| 20:45 | Build | Farm |
| 20:46 | Queue | Villager (Male) |
| 20:50 | Build | Farm |
| 20:55 | Build | Farm |
| 21:01 | Queue | Villager (Male) |
| 21:02 | Queue | Villager (Male) |
| 21:04 | Build | Farm |
| 21:07 | Build | Farm |
| 21:08 | Queue | Villager (Male) |
| 21:08 | Queue | Villager (Male) |
| 21:11 | Build | Farm |
| 21:12 | Queue | Villager (Male) |
| 21:16 | Build | Farm |
Match timeline
| 9:16 | 吉吉大王 · age_up feudal |
| 9:35 | 37581246 · age_up feudal |
| 10:01 | Billy Bathgate · wall_segment Palisade Wall x7 |
| 10:11 | Billy Bathgate · wall_segment Palisade Wall x6 |
| 10:21 | Billy Bathgate · age_up feudal |
| 10:26 | [ECU] PALADINFRANCO · age_up feudal |
| 10:32 | WIZ · age_up feudal |
| 10:33 | CarpeFugit · age_up feudal |
| 10:48 | 叫我一声靓仔 · age_up feudal |
| 10:58 | Lastmantillidie · age_up feudal |
| 13:33 | 叫我一声靓仔 · first_market_buy 100 food |
| 13:52 | 吉吉大王 · age_up castle |
| 13:55 | 吉吉大王 · first_building Monastery |
| 14:12 | WIZ · age_up castle |
| 14:13 | [ECU] PALADINFRANCO · age_up castle |
| 14:18 | 叫我一声靓仔 · age_up castle |
| 14:28 | CarpeFugit · age_up castle |
| 14:34 | 吉吉大王 · first_market_buy 100 food |
| 14:40 | Lastmantillidie · age_up castle |
| 14:47 | 37581246 · wall_segment Stone Wall x2 |
| 14:48 | 37581246 · wall_segment Stone Wall x1 |
| 14:50 | 37581246 · wall_segment Stone Wall x2 |
| 14:50 | 37581246 · wall_segment Stone Wall x1 |
| 14:52 | 37581246 · wall_segment Stone Wall x2 |
| 14:52 | 37581246 · wall_segment Stone Wall x1 |
| 14:53 | Lastmantillidie · first_building Monastery |
| 15:01 | Billy Bathgate · age_up castle |
| 15:01 | [ECU] PALADINFRANCO · first_market_buy 100 food |
| 15:11 | Billy Bathgate · first_building Castle |
| 15:23 | WIZ · first_building Monastery |
| 15:26 | Billy Bathgate · first_market_buy 100 food |
| 16:21 | 37581246 · wall_segment Stone Wall x3 |
| 16:23 | 37581246 · wall_segment Stone Wall x1 |
| 16:24 | 37581246 · wall_segment Stone Wall x1 |
| 16:24 | 37581246 · wall_segment Stone Wall x1 |
| 16:25 | 37581246 · wall_segment Stone Wall x1 |
| 17:55 | CarpeFugit · first_building Siege Workshop |
| 19:19 | Lastmantillidie · first_market_buy 100 stone |
| 21:39 | WIZ · wall_segment Palisade Wall x1 |
| 21:40 | WIZ · wall_segment Palisade Wall x1 |
| 21:54 | 37581246 · age_up castle |
| 22:17 | 37581246 · first_building Siege Workshop |
| 22:40 | Billy Bathgate · first_market_sell 100 stone |
| 23:01 | WIZ · first_building Barracks |
| 23:17 | 37581246 · first_building Monastery |
| 23:26 | 叫我一声靓仔 · first_building Monastery |
| 23:58 | WIZ · first_building Archery Range |
| 24:03 | CarpeFugit · first_building Monastery |
| 24:04 | Billy Bathgate · first_building Siege Workshop |
| 24:12 | WIZ · first_building Siege Workshop |
| 24:24 | Lastmantillidie · first_building Siege Workshop |
| 24:39 | 吉吉大王 · first_building Siege Workshop |
| 24:40 | WIZ · first_building Castle |
| 24:52 | Lastmantillidie · first_market_sell 100 wood |
| 24:58 | 吉吉大王 · first_building Castle |
| 25:10 | 吉吉大王 · first_building Barracks |
| 25:11 | [ECU] PALADINFRANCO · first_building Barracks |
| 25:12 | WIZ · first_market_sell 100 wood |
| 25:17 | WIZ · first_market_buy 100 food |
| 25:19 | [ECU] PALADINFRANCO · first_building Monastery |
| 25:40 | CarpeFugit · first_building Barracks |
| 25:44 | Lastmantillidie · first_building Barracks |
| 25:51 | WIZ · first_building Stable |
| 25:54 | 37581246 · wall_segment Stone Wall x1 |
| 26:17 | CarpeFugit · first_building Castle |
| 26:23 | Lastmantillidie · first_building Castle |
| 27:00 | CarpeFugit · first_building Archery Range |
| 27:20 | 叫我一声靓仔 · first_building Barracks |
| 27:36 | [ECU] PALADINFRANCO · first_building Stable |
| 28:06 | Billy Bathgate · age_up imperial |
| 28:06 | Lastmantillidie · age_up imperial |
| 28:10 | 吉吉大王 · age_up imperial |
| 28:17 | 吉吉大王 · first_market_sell 100 food |
| 28:20 | CarpeFugit · age_up imperial |
| 28:26 | 叫我一声靓仔 · first_building Castle |
| 28:34 | WIZ · age_up imperial |
| 28:37 | 37581246 · first_building Castle |
| 28:44 | 37581246 · first_market_sell 100 wood |
| 28:46 | CarpeFugit · first_market_sell 100 wood |
| 28:50 | CarpeFugit · first_market_buy 100 stone |
| 29:03 | 37581246 · wall_segment Stone Wall x1 |
| 29:03 | 叫我一声靓仔 · age_up imperial |
| 29:08 | [ECU] PALADINFRANCO · age_up imperial |
| 30:10 | 37581246 · first_building Barracks |
| 30:52 | 37581246 · first_building Archery Range |
| 31:02 | WIZ · wall_segment Stone Wall x10 |
| 31:13 | WIZ · wall_segment Stone Wall x3 |
| 31:58 | 37581246 · first_building Stable |
| 32:26 | WIZ · wall_segment Stone Wall x5 |
| 32:49 | WIZ · wall_segment Stone Wall x11 |
| 33:35 | 叫我一声靓仔 · first_market_sell 100 food |
| 34:12 | 吉吉大王 · first_building Archery Range |
| 34:13 | [ECU] PALADINFRANCO · first_market_sell 500 wood |
| 36:41 | [ECU] PALADINFRANCO · first_building Castle |
| 36:44 | 37581246 · resign |
| 37:21 | 叫我一声靓仔 · first_building Siege Workshop |
| 37:29 | Lastmantillidie · wall_segment Stone Wall x2 |
[ AI ANALYSIS · 1 CREDIT ]
What really happened in this match?
Wolo.gg analyzes every decision: build order, eco, micro, common mistakes by bracket. Personalized analysis on WhatsApp or Discord in 30 seconds.
Civ guide
Bohemians
Perfil
Jugador #4132236